 Dungeon Crawl Stone Soup version 0.30-a0-778-g2ef04afb54 (console) character file.

Game seed: 16816272247189887988

30 rlgrobin the Chopper (level 3, 0/31 HPs)
             Began as a Meteoran Fighter on Feb 17, 2023.
             Slain by a hobgoblin (3 damage)
             ... on level 3 of the Dungeon.
             The game lasted 00:01:13 (222 turns).

rlgrobin the Chopper (Meteoran Fighter)              Turns: 222, Time: 00:01:14

Health: 0/31       AC:  6    Str: 19    XL:     3   Next: 55%
Magic:  4/4        EV:  9    Int: 10    God:
Gold:   26         SH:  5    Dex: 13    Spells: 2/2 levels left

rFire   . . .      SeeInvis .    j - +2 hand axe (flame)
rCold   . . .      Faith    .    c - +0 buckler
rNeg    . . .      Spirit   .    b - +0 scale mail
rPois   .          Reflect  .    (no helmet)
rElec   .          Harm     .    (no cloak)
rCorr   .          Rampage  .    (no gloves)
Will    .....                    (no boots) Stlth
                                 (no amulet)
HPRegen 0.25/turn                (no ring)
MPRegen 0.09/turn                (no ring)

@: mighty, glowing
A: sense surroundings 1, otherworldly, glowing, explore regen
a: no special abilities


You were on level 3 of the Dungeon.
You visited 1 branch of the dungeon, and saw 3 of its levels.

You collected 26 gold pieces.

Inventory:

Hand Weapons
 a - a +0 war axe
 j - a +2 hand axe of flaming (weapon)
Armour
 b - a +0 scale mail (worn)
 c - a +0 buckler (worn)
Scrolls
 e - a scroll of identify {unknown}
 f - 3 scrolls of teleportation {unknown}
 h - a scroll of poison {unknown}
 i - a scroll of enchant weapon {unknown}
 l - a scroll of amnesia {unknown}
 n - a scroll of fog {unknown}
Potions
 g - a potion of lignification {unknown}
 k - a potion of berserk rage {unknown}
 m - a potion of brilliance {unknown}


   Skills:
 - Level 3.2 Fighting
 + Level 4.3 Axes
 - Level 3.6 Armour
 - Level 3.6 Shields


You had 2 spell levels left.
You didn't know any spells.
Your spell library was empty.

Dungeon Overview and Level Annotations

Branches:
Dungeon (3/15) Zot: 1570

Altars:


Innate Abilities, Weirdness & Mutations

You passively map a small area around you.
You are easily found by Zot.
You glow in the dark.
You regain HP and MP as you explore.


Message History

Found a scroll labelled VONI TOTIO.
n - a scroll labelled VONI TOTIO A goblin comes into view.
It is wielding a +2 dagger of venom.
The goblin shouts!
You hear a shout! x3
A hobgoblin, 3 orcs, a worm and an adder come into view.
The hobgoblin shouts!
The orc shouts! x3
A bat comes into view.
The goblin hits you with a +2 dagger of venom.
You are poisoned.
An orc priest comes into view. It is wielding a +0 trident.
You hit the goblin. You burn the goblin.
You kill the goblin!
You feel very sick.
An orc comes into view. It is wielding a +0 whip.
You have reached level 3!
Your experience leads to an increase in your attributes!
Increase (S)trength, (I)ntelligence, or (D)exterity?
You feel stronger. x2; You feel clever.
You feel sick.
You feel very mighty all of a sudden.
You feel sick.
You feel sick. The bat hits you but does no damage.
You slash the bat! You burn the bat.
You kill the bat!
You feel sick. The adder bites you but does no damage.
You slash the adder! You burn the adder.
You kill the adder!
You feel sick.
Your Axes skill increases to level 4!
You slash the orc! You burn the orc.
You kill the orc!
You feel sick.
You feel sick.
You are no longer poisoned.
The orc priest calls down the wrath of Beogh upon you.
Beogh smites you!
Ouch! That really hurt!
* * * LOW HITPOINT WARNING * * *
The hobgoblin hits you.
You die...

*, , #...........#
#.#########.# ,* *
#.#.......#.#
**#.#.#####<#.# *
, *#.#.#######.##,
, ,
,,*#.#..........#,
, * ,
#.############ , *
, , #.# , ,, * ,
#@# * * *
#.....gw...o...
,,, ,
,........#o##...*
..##..###.# ,, * ,
.... # ..##. * ,
... .,, * .. . * *
* *


You could see a worm, an orc priest, an orc and a hobgoblin.

Vanquished Creatures
  An adder (D:3)
  A dart slug (D:1)
  An orc (D:3)
  A bat (D:3)
  2 endoplasms (D:1)
  A giant cockroach (D:1)
  2 goblins
  3 jackals (D:1)
  2 ball pythons (D:1)
  3 rats
17 creatures vanquished.

Notes
Turn   | Place    | Note
-------+----------+-------------------------------------------
     0 | D:1      | rlgrobin the Meteoran Fighter began the quest for the Orb.
     0 | D:1      | Reached XP level 1. HP: 19/19 MP: 2/2
    20 | D:1      | Reached skill level 3 in Axes
    20 | D:1      | Reached XP level 2. HP: 26/26 MP: 3/3
   216 | D:3      | Reached XP level 3. HP: 27/31 MP: 4/4
   221 | D:3      | Reached skill level 4 in Axes
   222 | D:3      | Slain by a hobgoblin

Illustrated notes

Levels and vault maps discovered:
D:1:      dpeg_arrival_round_b, layout_loops_cross, serial_shops,
          nicolae_lakefront_shop
D:2:      kennysheep_six_static_rooms, layout_basic, serial_curves,
          eino_curves_01, eino_curves_02, minmay_misc_feat_columns,
          minmay_unequal
D:3:      layout_basic, general_overflow_altar, lemuel_zombie_altar_yredelemnul,
          ebering_ghost_reflecting_pool, st_stairs_11, uniq_grinder, uniq_ijyb,
          uniq_sigmund

Skill      XL: |  1  2  3 |
---------------+----------+-----
Axes           | 3 4 |  4.3
Fighting       | |  3.2
Armour         | |  3.6
Shields        | |  3.6

Action                     || total
---------------------------++-------
  Melee: War axe           ||    11
         Hand axe          ||    21
    Use: Potion            ||     1
 Armour: Scale mail        ||    13
  Dodge: Dodged            ||    13
  Block: Buckler           ||     1

Table legend: (Time is in decaauts)
 A = Elapsed time spent in this place.
 B = Non-inter-level travel time spent in this place.
 C = Inter-level travel time spent in this place.
 D = Time resting spent in this place.
 E = Time spent auto-exploring this place.
 F = Levels seen in this place.
 G = Mean time per level.
                   A        B        C        D        E       F      G
               +--------+--------+--------+--------+--------+-----+--------+
         Total |    229 |    229 |      0 |      0 |      0 |   3 |   76.3 |
       Dungeon |    229 |    229 |      0 |      0 |      0 |   3 |   76.3 |
               +--------+--------+--------+--------+--------+-----+--------+

Top non-repeatable levels by time:
     D:1: 162 daAuts
     D:3: 45 daAuts
     D:2: 20 daAuts
